Map: Simulacrum LE

Players

Ratl - Winner!

  • Race: Protoss Protoss
  • Spawn Location: 5:00

lucas

  • Race: Zerg Zerg
  • League: Gold
  • Spawn Location: 11:00

VOD

Have the link to the VOD?

Description

Time

  • Played on: Dec. 22, 2019, 10:34 p.m.
  • Length: 22:01
Show
View Real Time Build Order
Export as new Build Order

Ratl Protoss - Winner!

Build Orders: Colossus Rush 

Get SALT Encoding   

  12  0:01  Probe  
  13  0:13  Probe  
  14  0:23  Pylon  
  14  0:25  Probe  
  15  0:41  Probe, Gateway  
  16  0:53  Probe (Chrono Boost)  
  16  0:54  Assimilator  
  17  1:04  Gateway  
  17  1:16  Probe  
  17  1:33  Cybernetics Core  
  17  1:39  Probe (Chrono Boost)  
  18  1:44  Zealot  
  20  1:48  Probe (Chrono Boost)  
  20  1:53  Probe (Chrono Boost)  
  21  1:54  Assimilator  
  22  2:05  Pylon  
  22  2:09  Pylon  
  22  2:18  Warp Gate  
  22  2:24  Probe (Chrono Boost)  
  27  2:33  Probe (Chrono Boost)  
  28  2:38  Stalker  
  26  2:50  Stalker  
  28  2:59  Probe  
  29  3:06  Robotics Facility  
  29  3:11  Probe, Shield Battery  
  30  3:21  Forge  
  30  3:39  Nexus  
  30  3:51  Probe  
  31  3:57  Photon Cannon  
  31  4:03  Probe  
  31  4:09  Observer  
  31  4:30  Stalker x2  
  35  4:33  Pylon  
  35  4:35  Pylon  
  35  4:39  Robotics Bay  
  35  4:41  Pylon  
  35  4:47  Pylon  
  35  4:48  Pylon  
  35  4:52  Pylon  
  35  4:55  Probe (Chrono Boost)  
  35  4:56  Protoss Ground Weapons Level 1 (Chrono Boost)  
  35  4:57  Probe (Chrono Boost)  
  37  5:05  Probe (Chrono Boost)  
  39  5:07  Probe (Chrono Boost)  
  39  5:15  Stalker  
  39  5:17  Probe  
  42  5:29  Forge  
  42  5:35  Colossus  
  48  5:41  Probe  
  49  5:49  Extended Thermal Lance  
  49  5:53  Probe  
  49  5:55  Stalker  
  52  5:59  Stalker  
  54  6:05  Probe  
  55  6:12  Protoss Ground Armor Level 1  
  55  6:30  Probe (Chrono Boost)  
  57  6:34  Pylon  
  57  6:35  Probe (Chrono Boost), Gateway  
  58  6:41  Probe (Chrono Boost)  
  58  6:46  Probe (Chrono Boost)  
  59  6:47  Probe (Chrono Boost)  
  59  6:48  Assimilator  
  59  6:50  Assimilator  
  60  6:58  Probe (Chrono Boost)  
  60  6:59  Probe (Chrono Boost), Twilight Council  
  62  7:02  Gateway  
  62  7:04  Gateway  
  62  7:07  Probe, Gateway  
  63  7:10  Gateway  
  63  7:27  Colossus  
  68  7:32  Protoss Ground Weapons Level 2 (Chrono Boost), Stalker  
  68  7:33  Stalker x2  
  74  8:09  Nexus  
  74  8:12  Assimilator  
  74  8:13  Pylon  
  74  8:14  Assimilator  
  74  8:17  Pylon  
  74  8:23  Colossus  
  74  8:24  Protoss Ground Armor Level 2 (Chrono Boost)  
  80  8:30  Probe  
  80  8:32  Probe  
  82  8:43  Stalker  
  84  9:04  Charge  
  84  9:07  Stalker x4  
  84  9:08  Stalker  
  100  9:17  Immortal  
  100  9:19  Probe x2 (Chrono Boost)  
  100  9:23  Probe (Chrono Boost)  
  103  9:33  Probe x2 (Chrono Boost)  
  103  9:34  Probe (Chrono Boost)  
  104  9:41  Probe  
  105  10:01  Immortal  
  109  10:09  Stalker x4  
  109  10:10  Stalker x3  
  123  10:17  Protoss Ground Weapons Level 3 (Chrono Boost)  
  123  10:34  Probe x3  
  126  10:40  Warp Prism  
  128  10:45  Protoss Ground Armor Level 3 (Chrono Boost)  
  128  10:46  Probe x2  
  128  10:47  Probe  
  131  10:55  Stalker x2  
  131  10:56  Stalker x3  
  141  11:12  Pylon  
  141  11:13  Pylon  
  141  11:17  Pylon  
  141  11:20  Gateway  
  141  11:22  Gateway  
  141  11:29  Colossus  
  141  11:30  Probe x2  
  141  11:31  Probe  
  150  11:34  Pylon  
  150  11:36  Pylon  
  150  11:37  Stalker x3  
  150  11:38  Pylon  
  156  12:19  Nexus  
  156  12:22  Assimilator  
  156  12:24  Assimilator, Observer  
  156  12:25  Pylon  
  156  12:28  Pylon  
  111  12:53  Stalker x6  
  111  12:54  Stalker x2  
  111  12:55  Stalker  
  111  12:56  Colossus  
  131  13:17  Pylon  
  131  13:18  Pylon  
  131  13:20  Pylon  
  131  13:22  Stalker x4  
  131  13:23  Stalker x4  
  131  13:24  Stalker  
  149  13:43  Gravitic Drive  
  149  13:45  Protoss Shields Level 1  
  149  13:49  Warp Prism, Blink  
  151  13:59  Dark Shrine  
  151  14:03  Gateway  
  151  14:05  Gateway  
  151  14:06  Gateway  
  151  14:07  Gateway  
  151  14:16  Templar Archives  
  151  14:25  Colossus  
  151  14:28  Zealot x4  
  151  14:29  Zealot x5  
  175  15:18  Colossus  
  170  15:22  Stalker x2  
  170  15:23  Stalker x4  
  170  15:24  Stalker x2  
  132  15:46  Stalker x5  
  132  15:47  Stalker x2  
  88  16:05  High Templar x6  
  88  16:13  Stalker  
  82  16:19  Warp Prism  
  82  16:24  Stalker x3  
  74  16:48  Stalker x3  
  74  16:49  Stalker x3  
  86  16:54  Colossus  
  92  17:07  Stalker  
  94  17:08  Zealot  
  94  17:09  Zealot x3  
  94  17:10  Zealot  
  104  17:41  Zealot  
  104  17:42  Adept x2  
  104  17:43  Adept x2  
  104  17:44  Adept x2  
  116  17:45  Adept x2  
  116  17:48  Colossus, Zealot x3  
  116  17:49  Zealot  
  136  18:07  High Templar x3  
  136  18:08  High Templar x2  
  136  18:09  High Templar  
  136  18:10  High Templar x2  
  152  18:17  Sentry  
  152  18:19  Zealot  
  156  18:20  Zealot x3  
  156  18:25  Archon x2  
  156  18:26  Archon x2  
  162  18:42  Observer  
  163  19:02  Dark Templar x5, Nexus  
  171  19:03  Assimilator x2  
  171  19:06  Dark Templar  
  175  19:19  Colossus  
  181  19:44  Pylon  
  181  19:46  Pylon  
  169  20:08  Zealot x3  
  169  20:09  Zealot x4  
  169  20:10  Zealot x4  
  169  20:11  Zealot x2  
  195  20:21  Robotics Facility  
  195  20:23  Robotics Facility  
  195  20:41  Stargate  
  140  21:05  Stalker x5  
  140  21:06  Stalker x4  
  140  21:07  Stalker x2  
  144  21:14  Stalker  
  134  21:20  Stalker  
  82  21:37  Stalker x4  
  82  21:38  Stalker x4  
  78  21:44  Stalker x5  
Show
View Real Time Build Order
Export as new Build Order

lucas Zerg 

Build Orders: Pool First, Lurkers 

Get SALT Encoding   

  13  0:07  Drone  
  13  0:08  Drone  
  14  0:17  Extractor  
  14  0:19  Drone  
  14  0:24  Overlord  
  14  0:42  Spawning Pool  
  14  0:44  Drone  
  14  0:48  Drone  
  15  1:25  Drone  
  15  1:27  Drone  
  15  1:30  Hatchery, Drone  
  17  1:52  Queen  
  19  1:55  Drone  
  19  1:59  Drone  
  21  2:02  Drone  
  21  2:04  Extractor  
  21  2:13  Drone  
  21  2:14  Roach Warren  
  21  2:32  Lair  
  21  2:36  Overlord x2  
  21  2:56  Roach x4  
  29  3:15  Roach x4  
  37  3:32  Overlord  
  37  3:49  Queen  
  37  3:50  Overlord x2  
  39  3:58  Drone x3  
  39  3:59  Drone  
  39  4:02  Drone  
  44  4:07  Overlord  
  44  4:19  Glial Reconstitution  
  44  4:31  Hydralisk Den  
  44  4:37  Drone x2  
  45  4:42  Extractor  
  45  4:43  Drone x5  
  49  4:45  Extractor  
  49  4:46  Overseer  
  48  5:04  Drone x5  
  53  5:19  Hydralisk x2  
  53  5:20  Hydralisk  
  59  5:23  Hydralisk  
  61  5:33  Hydralisk  
  61  5:34  Hydralisk  
  65  5:42  Evolution Chamber  
  65  5:43  Drone  
  65  5:45  Drone, Evolution Chamber  
  65  5:52  Overseer  
  65  5:54  Overseer, Grooved Spines  
  65  6:19  Pneumatized Carapace  
  65  6:27  Hydralisk  
  65  6:30  Overlord x4  
  67  6:37  Zerg Missile Weapons Level 1  
  67  6:38  Zerg Ground Armor Level 1  
  67  7:15  Roach x3, Infestation Pit  
  72  7:16  Roach x7  
  86  7:42  Spire, Drone  
  86  7:43  Drone x4  
  90  7:57  Hive  
  90  8:01  Infestor x2  
  94  8:05  Neural Parasite  
  94  8:18  Hydralisk x3  
  100  8:34  Overseer  
  100  8:49  Zerg Ground Armor Level 2  
  100  8:59  Overlord x3  
  100  9:05  Lurker Den  
  99  9:15  Overlord  
  99  9:21  Viper  
  102  9:49  Zerg Missile Weapons Level 2  
  102  10:00  Corruptor x3  
  108  10:23  Corruptor  
  108  10:24  Corruptor x2  
  108  10:28  Hatchery  
  113  11:22  Ultralisk Cavern  
  113  11:24  Hydralisk x9  
  130  12:05  Overlord x3  
  130  12:14  Ultralisk  
  136  12:29  Ultralisk x2  
  115  12:49  Roach x3  
  115  12:50  Roach x3  
  109  13:04  Roach x2, Queen  
  117  13:20  Roach x2  
  119  13:31  Zerg Melee Weapons Level 1  
  119  13:35  Lurker x2  
  119  13:36  Lurker x2  
  119  13:38  Burrow  
  123  13:56  Viper  
  123  14:01  Drone  
  123  14:02  Drone x7  
  134  14:17  Extractor  
  134  14:20  Extractor  
  134  14:22  Spine Crawler  
  131  14:24  Spine Crawler  
  131  14:29  Spine Crawler  
  129  14:34  Roach  
  129  14:35  Roach x11  
  129  14:38  Drone  
  154  14:55  Greater Spire  
  119  15:48  Roach x10  
  119  15:49  Roach x6  
  100  16:18  Roach x4  
  100  16:50  Hatchery  
  99  17:17  Extractor  
  99  17:19  Extractor  
  95  17:33  Brood Lord x2  
  95  17:34  Brood Lord x2  
  103  17:40  Overseer x2  
  103  18:09  Roach x2  
  103  18:10  Roach x3  
  113  18:14  Drone  
  113  18:15  Drone  
  115  18:35  Drone x2  
  115  18:36  Drone  
  115  18:38  Drone  
  115  18:39  Drone x3  
  122  18:54  Seismic Spines  
  122  19:34  Roach  
  122  19:35  Roach x9  
  141  20:09  Hydralisk x2  
  141  20:11  Overlord x2  
  141  20:12  Overlord x2  
  145  20:29  Overlord  
  145  20:30  Overlord x2  
  145  20:31  Hatchery  
  61  21:19  Roach  
  61  21:20  Roach x6  
Tags
 
Composition
Lurkers
League
Gold
Matchup
PvZ
Opening
Pool First
Spawn Locations
Cross Positions
Add a new tag
Caveats
  • Supply blocks, unpowered buildings, or Contaminate may cause inaccurate times.
  • Supply counts are checked every 10 seconds.